| TOP OF THE 1ST |
|
Princeton Rays batting - Pitching for Oakland (APP) Athletics : RHP Victor Sanchez
|
|
Pitching: RHP Victor Sanchez
|
|
|
Batting: SHB Chris Lockart
|
0-0: Ground out 3-1 (Groundball, 34S, EV 81.2 MPH)
|
|
Batting: RHB Dan Marks
|
0-0: TRIPLE (Line Drive, 9LD, EV 106.9 MPH)
|
|
Batting: LHB Rocky Crowley
|
0-0: Ball 1-0: Called Strike 1-1: Ball 2-1: Ball 3-1: Fly out, F8 (Flyball, 8RM, EV 91.9 MPH) Runner from 3rd tags up, OUT at HOME! 8-2
|
| Top of the 1st over - 0 runs, 1 hit, 0 errors, 0 left on base; Princeton 0 - Oakland (APP) 0 |
| BOTTOM OF THE 1ST |
|
Oakland (APP) Athletics batting - Pitching for Princeton Rays : RHP Jose Robles
|
|
Pitching: RHP Jose Robles
|
|
|
Batting: RHB Colin Coleman
|
0-0: Ball 1-0: Reached on error, E6 (Groundball, 6, EV 101.2 MPH)
|
|
Batting: RHB Branden Mackie
|
0-0: Swinging Strike 0-1: Foul Ball, location: 2F 0-2: Ball 1-2: Ground out 6-3 (Groundball, 6, EV 80.0 MPH) Colin Coleman to third
|
|
Batting: RHB Josh Whaley
|
0-0: Ball 1-0: Foul Ball, location: 2F 1-1: Fly out, F5 (Popup, 5L, EV 80.6 MPH)
|
|
Batting: RHB Tetsuya Shinoda
|
0-0: Ball 1-0: Ball 2-0: Ball Wild Pitch! Colin Coleman scores 3-0: Base on Balls
|
|
Batting: LHB Al Soltero
|
0-0: Ball 1-0: Foul Ball, location: 2F 1-1: Foul Ball, location: 2F 1-2: Ground out 4-3 (Groundball, 4, EV 100.6 MPH)
|
| Bottom of the 1st over - 1 run, 0 hits, 1 error, 1 left on base; Princeton 0 - Oakland (APP) 1 |
| TOP OF THE 2ND |
|
Princeton Rays batting - Pitching for Oakland (APP) Athletics : RHP Victor Sanchez
|
|
Batting: RHB Wil Urban
|
0-0: Foul Ball, location: 2F 0-1: Called Strike 0-2: Strikes out swinging
|
|
Batting: SHB Wayne Hattan
|
0-0: Ball 1-0: Foul Ball, location: 2F 1-1: Ball 2-1: Foul Ball, location: 2F 2-2: SINGLE (Groundball, 4MD, EV 100.6 MPH)
|
|
Batting: LHB Zach Rose
|
0-0: Called Strike 0-1: Foul Ball, location: 2F 0-2: Ball 1-2: Fly out, F8 (Flyball, 8LS, EV 90.6 MPH)
|
|
Batting: RHB Jim Erdody
|
0-0: Swinging Strike 0-1: Swinging Strike 0-2: Ball 1-2: Foul Ball, location: 2F 1-2: Strikes out looking
|
| Top of the 2nd over - 0 runs, 1 hit, 0 errors, 1 left on base; Princeton 0 - Oakland (APP) 1 |
| BOTTOM OF THE 2ND |
|
Oakland (APP) Athletics batting - Pitching for Princeton Rays : RHP Jose Robles
|
|
Batting: RHB Walt Alaniz
|
0-0: Called Strike 0-1: Foul Ball, location: 2F 0-2: Foul Ball, location: 2F 0-2: Ball 1-2: Strikes out swinging
|
|
Batting: RHB Jason Dove
|
0-0: Swinging Strike 0-1: Ball 1-1: Ball 2-1: Foul Ball, location: 2F 2-2: Ground out 5-3 (Groundball, 15, EV 85.0 MPH)
|
|
Batting: LHB Gregg Power
|
0-0: Ball 1-0: Ball 2-0: Swinging Strike 2-1: Ball 3-1: Base on Balls
|
|
Batting: RHB Tim Anderson
|
0-0: Ball 1-0: Ground out 4-3 (Groundball, 4, EV 78.8 MPH)
|
| Bottom of the 2nd over - 0 runs, 0 hits, 0 errors, 1 left on base; Princeton 0 - Oakland (APP) 1 |
| TOP OF THE 3RD |
|
Princeton Rays batting - Pitching for Oakland (APP) Athletics : RHP Victor Sanchez
|
|
Batting: RHB Bazyli Andrysiak
|
0-0: Ball 1-0: Ball 2-0: Ball 3-0: Called Strike 3-1: Called Strike 3-2: Foul Ball, location: 2F 3-2: Foul Ball, location: 2F 3-2: Foul Ball, location: 2F 3-2: Foul Ball, location: 2F 3-2: Ground out U3 (Groundball, 34S, EV 85.0 MPH)
|
|
Batting: RHB Jim Lind
|
0-0: Ball 1-0: Ground out U3 (Groundball, 34, EV 81.9 MPH)
|
|
Batting: SHB Chris Lockart
|
0-0: Ground out U3 (Groundball, 3S, EV 61.2 MPH)
|
| Top of the 3rd over - 0 runs, 0 hits, 0 errors, 0 left on base; Princeton 0 - Oakland (APP) 1 |
| BOTTOM OF THE 3RD |
|
Oakland (APP) Athletics batting - Pitching for Princeton Rays : RHP Jose Robles
|
|
Batting: RHB Colin Coleman
|
0-0: Called Strike 0-1: Ball 1-1: Foul Ball, location: 2F 1-2: Strikes out swinging
|
|
Batting: RHB Branden Mackie
|
0-0: Ground out 5-3 (Groundball, 5, EV 93.8 MPH)
|
|
Batting: RHB Josh Whaley
|
0-0: Ball 1-0: Ground out 6-3 (Groundball, 6, EV 91.9 MPH)
|
| Bottom of the 3rd over - 0 runs, 0 hits, 0 errors, 0 left on base; Princeton 0 - Oakland (APP) 1 |
| TOP OF THE 4TH |
|
Princeton Rays batting - Pitching for Oakland (APP) Athletics : RHP Victor Sanchez
|
|
Batting: RHB Dan Marks
|
0-0: Foul Ball, location: 2F 0-1: SINGLE (Line Drive, 78S, EV 101.2 MPH)
|
|
Batting: LHB Rocky Crowley
|
0-0: Called Strike Dan Marks steals 2nd base 0-1: Ball Wild Pitch! Dan Marks to third 1-1: Ball 2-1: Swinging Strike 2-2: Foul Ball, location: 2F 2-2: 2-RUN HOME RUN (Flyball, 9D, EV 91.2 MPH), Distance : 342 ft
|
|
Batting: RHB Wil Urban
|
0-0: Called Strike 0-1: Ball 1-1: Ball 2-1: Foul Ball, location: 2F 2-2: Ball 3-2: Foul Ball, location: 2F 3-2: Ground out 6-3 (Groundball, 6, EV 81.9 MPH)
|
|
Batting: SHB Wayne Hattan
|
0-0: Called Strike 0-1: Called Strike 0-2: Ball 1-2: SINGLE (Line Drive, 9S, EV 101.2 MPH)
|
|
Batting: LHB Zach Rose
|
0-0: Ball 1-0: SINGLE (Line Drive, 4D, EV 103.8 MPH) Wayne Hattan to second Wayne Hattan to third
|
|
Batting: RHB Jim Erdody
|
0-0: Called Strike 0-1: Bunted foul 0-2: Ball Passed Ball! Wayne Hattan scores Zach Rose to second 1-2: Foul Ball, location: 2F 1-2: Strikes out swinging
|
|
Batting: RHB Bazyli Andrysiak
|
0-0: Called Strike 0-1: Fly out, F5 (Popup, 5S, EV 71.2 MPH)
|
| Top of the 4th over - 3 runs, 4 hits, 0 errors, 1 left on base; Princeton 3 - Oakland (APP) 1 |
| BOTTOM OF THE 4TH |
|
Oakland (APP) Athletics batting - Pitching for Princeton Rays : RHP Jose Robles
|
|
Batting: RHB Tetsuya Shinoda
|
0-0: Called Strike 0-1: Swinging Strike 0-2: Strikes out looking
|
|
Batting: LHB Al Soltero
|
0-0: Called Strike 0-1: Ball 1-1: Foul Ball, location: 2F 1-2: Ball 2-2: Foul Ball, location: 2F 2-2: Ball 3-2: Foul Ball, location: 2F 3-2: Base on Balls
|
|
Batting: RHB Walt Alaniz
|
0-0: Fielders Choice at 2nd, 1-6 (Groundball, 13S, EV 68.1 MPH)
|
|
Batting: RHB Jason Dove
|
0-0: Ball 1-0: Called Strike 1-1: Fly out, F8 (Flyball, 8LS, EV 86.9 MPH)
|
| Bottom of the 4th over - 0 runs, 0 hits, 0 errors, 1 left on base; Princeton 3 - Oakland (APP) 1 |
| TOP OF THE 5TH |
|
Princeton Rays batting - Pitching for Oakland (APP) Athletics : RHP Victor Sanchez
|
|
Batting: RHB Jim Lind
|
0-0: Called Strike 0-1: Called Strike 0-2: Ball 1-2: Foul Ball, location: 2F 1-2: Foul Ball, location: 2F 1-2: Foul Ball, location: 2F 1-2: Strikes out looking
|
|
Batting: SHB Chris Lockart
|
0-0: Foul Ball, location: 2F 0-1: Foul Ball, location: 2F 0-2: Foul Ball, location: 2F 0-2: Foul Ball, location: 2F 0-2: Ground out 4-3 (Groundball, 34, EV 110.0 MPH)
|
|
Batting: RHB Dan Marks
|
0-0: Foul Ball, location: 2F 0-1: Foul Ball, location: 2F 0-2: Ball 1-2: Ball 2-2: Strikes out looking
|
| Top of the 5th over - 0 runs, 0 hits, 0 errors, 0 left on base; Princeton 3 - Oakland (APP) 1 |
| BOTTOM OF THE 5TH |
|
Oakland (APP) Athletics batting - Pitching for Princeton Rays : RHP Jose Robles
|
|
Batting: LHB Gregg Power
|
0-0: Ball 1-0: Foul Ball, location: 2F 1-1: Foul Ball, location: 2F 1-2: Strikes out swinging
|
|
Batting: RHB Tim Anderson
|
0-0: Ball 1-0: Called Strike 1-1: Ball 2-1: Called Strike 2-2: Strikes out swinging
|
|
Batting: RHB Colin Coleman
|
0-0: Foul Ball, location: 2F 0-1: Called Strike 0-2: Ball 1-2: Ball 2-2: Ground out 3-1 (Groundball, 34, EV 88.8 MPH)
|
| Bottom of the 5th over - 0 runs, 0 hits, 0 errors, 0 left on base; Princeton 3 - Oakland (APP) 1 |
| TOP OF THE 6TH |
|
Princeton Rays batting - Pitching for Oakland (APP) Athletics : RHP Victor Sanchez
|
|
Pitching: RHP A.J. Marston
|
|
|
Batting: LHB Rocky Crowley
|
0-0: Called Strike 0-1: Ball 1-1: Swinging Strike 1-2: Foul Ball, location: 2F 1-2: Foul Ball, location: 2F 1-2: Strikes out swinging
|
|
Batting: RHB Wil Urban
|
0-0: Called Strike 0-1: Ground out 5-3 (Groundball, 5, EV 88.8 MPH)
|
|
Batting: SHB Wayne Hattan
|
0-0: Ball 1-0: Ball 2-0: Foul Ball, location: 2F 2-1: Called Strike 2-2: Ground out U3 (Groundball, 3, EV 100.6 MPH)
|
| Top of the 6th over - 0 runs, 0 hits, 0 errors, 0 left on base; Princeton 3 - Oakland (APP) 1 |
| BOTTOM OF THE 6TH |
|
Oakland (APP) Athletics batting - Pitching for Princeton Rays : RHP Jose Robles
|
|
Batting: RHB Branden Mackie
|
0-0: Ball 1-0: Swinging Strike 1-1: Ball 2-1: SINGLE (Groundball, 6M, EV 99.4 MPH)
|
|
Batting: RHB Josh Whaley
|
0-0: Ball 1-0: Ball 2-0: Foul Ball, location: 2F 2-1: Foul Ball, location: 2F 2-2: SINGLE (Line Drive, 6MD, EV 97.5 MPH) Branden Mackie to second
|
|
Batting: RHB Tetsuya Shinoda
|
0-0: SINGLE (Line Drive, 89S, EV 94.4 MPH) Branden Mackie to third Josh Whaley to second
|
|
Batting: LHB Al Soltero
|
0-0: Called Strike 0-1: Called Strike 0-2: Ball 1-2: SINGLE (Groundball, 6, EV 99.4 MPH) Branden Mackie scores Josh Whaley to third Tetsuya Shinoda to second
|
|
Pitching: RHP Cody Wilharm
|
|
|
Batting: RHB Walt Alaniz
|
0-0: Ball 1-0: Ball 2-0: Called Strike 2-1: Foul Ball, location: 2F 2-2: Ball 3-2: Base on Balls Josh Whaley scores Tetsuya Shinoda to third Al Soltero to second
|
|
Batting: LHB Roscoe Romaine
|
0-0: Ball 1-0: Ball 2-0: Foul Ball, location: 2F 2-1: Ball 3-1: Foul Ball, location: 2F 3-2: Base on Balls Tetsuya Shinoda scores Al Soltero to third Walt Alaniz to second
|
|
Batting: LHB Gregg Power
|
0-0: Grounds into fielders choice 4-2 (Groundball, 4, EV 86.2 MPH) Walt Alaniz to third Roscoe Romaine to second
|
|
Batting: RHB Tim Anderson
|
0-0: Ball 1-0: Swinging Strike 1-1: Ball 2-1: Foul Ball, location: 2F 2-2: Strikes out swinging
|
|
Batting: RHB Colin Coleman
|
0-0: Ball 1-0: Foul Ball, location: 2F 1-1: Ball 2-1: Foul Ball, location: 2F 2-2: Fly out, F7 (Flyball, 78M, EV 91.2 MPH)
|
| Bottom of the 6th over - 3 runs, 4 hits, 0 errors, 3 left on base; Princeton 3 - Oakland (APP) 4 |
| TOP OF THE 7TH |
|
Princeton Rays batting - Pitching for Oakland (APP) Athletics : RHP A.J. Marston
|
|
Batting: LHB Zach Rose
|
0-0: Ball 1-0: Foul Ball, location: 2F 1-1: Called Strike 1-2: Ground out U3 (Groundball, 3, EV 88.8 MPH)
|
|
Pinch Hitting: SHB Lou Kroneman
|
0-0: Fly out, F8 (Flyball, 78D, EV 100.6 MPH)
|
|
Batting: RHB Bazyli Andrysiak
|
0-0: Foul Ball, location: 2F 0-1: Ball 1-1: Called Strike 1-2: Ball 2-2: Ball 3-2: Foul Ball, location: 2F 3-2: SINGLE (Line Drive, 7S, EV 95.0 MPH)
|
|
Pinch Hitting: LHB Josh Redfern
|
0-0: Ball 1-0: Foul Ball, location: 2F 1-1: Ground out 6-3 (Groundball, 56, EV 101.9 MPH)
|
| Top of the 7th over - 0 runs, 1 hit, 0 errors, 1 left on base; Princeton 3 - Oakland (APP) 4 |
| BOTTOM OF THE 7TH |
|
Oakland (APP) Athletics batting - Pitching for Princeton Rays : RHP Cody Wilharm
|
|
Pitching: LHP Parker Martinet
|
|
|
Now at 2B: Kunizo Yanagisawa
|
|
|
Now at SS: Lou Kroneman
|
|
|
Batting: RHB Branden Mackie
|
0-0: Ball 1-0: Foul Ball, location: 2F 1-1: Swinging Strike 1-2: Ball 2-2: Ground out U3 (Groundball, 34, EV 104.4 MPH)
|
|
Batting: RHB Josh Whaley
|
0-0: Ball 1-0: Ball 2-0: Called Strike 2-1: Swinging Strike 2-2: Strikes out swinging
|
|
Batting: RHB Tetsuya Shinoda
|
0-0: Ball 1-0: Swinging Strike 1-1: Ball 2-1: Foul Ball, location: 2F 2-2: Ball 3-2: Base on Balls
|
|
Pinch Hitting: RHB Steve Blackshear
|
0-0: 2-RUN HOME RUN (Flyball, 78XD, EV 108.1 MPH), Distance : 414 ft
|
|
Batting: RHB Walt Alaniz
|
0-0: Ball 1-0: Ball 2-0: Called Strike 2-1: Ball 3-1: Base on Balls
|
|
Batting: LHB Roscoe Romaine
|
0-0: SINGLE (Groundball, 4MD, EV 95.6 MPH) Walt Alaniz to second
|
|
Batting: LHB Gregg Power
|
0-0: Foul Ball, location: 2F 0-1: Ball 1-1: Ball Passed Ball! Walt Alaniz to third Roscoe Romaine to second 2-1: Swinging Strike 2-2: Ball 3-2: Strikes out swinging
|
| Bottom of the 7th over - 2 runs, 2 hits, 0 errors, 2 left on base; Princeton 3 - Oakland (APP) 6 |
| TOP OF THE 8TH |
|
Princeton Rays batting - Pitching for Oakland (APP) Athletics : RHP A.J. Marston
|
|
Now in LF: Jon Coleman
|
|
|
Now in CF: Mark Friedmann
|
|
|
Now in RF: Josh Whaley
|
|
|
Batting: SHB Chris Lockart
|
0-0: Called Strike 0-1: Swinging Strike 0-2: Foul Ball, location: 2F 0-2: Strikes out swinging
|
|
Batting: RHB Dan Marks
|
0-0: Ball 1-0: Swinging Strike 1-1: DOUBLE (Line Drive, 78D, EV 98.1 MPH)
|
|
Batting: LHB Rocky Crowley
|
0-0: Swinging Strike 0-1: Called Strike 0-2: Strikes out swinging
|
|
Batting: RHB Wil Urban
|
0-0: Ball 1-0: Called Strike 1-1: Foul Ball, location: 2F 1-2: Ball 2-2: Strikes out looking
|
| Top of the 8th over - 0 runs, 1 hit, 0 errors, 1 left on base; Princeton 3 - Oakland (APP) 6 |
| BOTTOM OF THE 8TH |
|
Oakland (APP) Athletics batting - Pitching for Princeton Rays : LHP Parker Martinet
|
|
Pitching: RHP John Morgan
|
|
|
Batting: RHB Tim Anderson
|
0-0: Ball 1-0: Ball 2-0: Called Strike 2-1: Ground out 6-3 (Groundball, 6, EV 83.1 MPH)
|
|
Batting: RHB Colin Coleman
|
0-0: Swinging Strike 0-1: Foul Ball, location: 2F 0-2: Ground out 4-3 (Groundball, 4, EV 91.9 MPH)
|
|
Batting: RHB Branden Mackie
|
0-0: Foul Ball, location: 2F 0-1: Foul Ball, location: 2F 0-2: Ball 1-2: Strikes out swinging
|
| Bottom of the 8th over - 0 runs, 0 hits, 0 errors, 0 left on base; Princeton 3 - Oakland (APP) 6 |
| TOP OF THE 9TH |
|
Princeton Rays batting - Pitching for Oakland (APP) Athletics : RHP A.J. Marston
|
|
Pitching: RHP Jon Hollman
|
|
|
Batting: SHB Wayne Hattan
|
0-0: Ball 1-0: Foul Ball, location: 2F 1-1: Ball 2-1: Foul Ball, location: 2F 2-2: Ball 3-2: Fly out, F8 (Flyball, 8RD, EV 95.6 MPH)
|
|
Batting: LHB Zach Rose
|
0-0: Ball 1-0: Ball 2-0: Foul Ball, location: 2F 2-1: Ball 3-1: Base on Balls
|
|
Batting: SHB Lou Kroneman
|
0-0: Ground out 4-3 (Groundball, 4, EV 98.8 MPH) Zach Rose to second
|
|
Pinch Hitting: SHB Berthold Frey
|
0-0: Called Strike 0-1: Ball 1-1: Ball 2-1: Ball 3-1: Base on Balls
|
|
Batting: RHB Kunizo Yanagisawa
|
0-0: Ball 1-0: Swinging Strike 1-1: Foul Ball, location: 2F 1-2: SINGLE (Groundball, 25, EV 67.5 MPH) (infield hit) Zach Rose to third Berthold Frey to second
|
|
Batting: SHB Chris Lockart
|
0-0: Called Strike 0-1: Fielders Choice at 2nd, 6-4 (Groundball, 6, EV 80.6 MPH)
|
| Top of the 9th over - 0 runs, 1 hit, 0 errors, 3 left on base; Princeton 3 - Oakland (APP) 6 |
|